 Dungeon Crawl Stone Soup version 0.17-a0-2055-gb4e23be (webtiles) character file.

77 radek the Skirmisher (level 4, -8/35 HPs)
             Began as a Demonspawn Berserker on Oct 11, 2015.
             Was a Follower of Trog (penitent).
             Mangled by a polar bear (13 damage)
             ... created by the rage of Trog
             ... on level 2 of the Dungeon.
             The game lasted 00:08:58 (1206 turns).

radek the Skirmisher (Demonspawn Berserker)         Turns: 1206, Time: 00:08:58

Health: -8/35      AC: 10    Str: 18    XL:     4   Next: 13%
Magic:  4/4        EV: 10    Int: 14    God:    Trog [*]
Gold:   30         SH:  0    Dex: 12    Spells: 2 memorised, 1 level left

rFire  . . .     SeeInvis .     j - +0 war axe
rCold  . . .     Clarity  .     i - +0 scale mail
rNeg   . . .     SustAt   .     (no shield)
rPois  .         Gourm    .     (no helmet)
rElec  .         Spirit   .     (no cloak)
rCorr  .         Warding  .     (no gloves)
rMut   .         Stasis   .     (no boots)
MR     .....                    (no amulet)
Stlth  ..........               (no ring)
                                e - +5 ring of intelligence

@: not resistant to hostile enchantments, extremely unstealthy
A: iridescent scales 1
a: Burn Spellbooks, Renounce Religion


You were on level 2 of the Dungeon.
You worshipped Trog.
Trog was demanding penance.
You were not hungry.

You visited 1 branch of the dungeon, and saw 2 of its levels.

You collected 30 gold pieces.

Inventory:

Hand Weapons
 a - a +0 falchion
 j - a +0 war axe (weapon)
 k - a +0 short sword
Armour
 b - a +0 animal skin
 h - a +0 robe
 i - a +0 scale mail (worn)
Jewellery
 e - a +5 ring of intelligence (left hand)
Scrolls
 f - 3 scrolls of identify {unknown}
 l - 2 scrolls of remove curse {unknown}
Books
 o - Vehumet's Grimoire of Battle Magic
   (You found it on level 2 of the Dungeon)

   Spells                             Type                      Level
   a - Magic Dart                     Conjuration                  1
   Trog disapproves of the use of such an item.
 p - Sif Muna's Papyrus of Changing
   (You found it on level 2 of the Dungeon)

   Spells                             Type                      Level
   a - Beastly Appendage              Transmutation                1
   Trog disapproves of the use of such an item.
 q - Kikubaaqudgha's Collected Works on Evil Magic
   (You found it on level 2 of the Dungeon)

   Spells                             Type                      Level
   a - Pain                           Necromancy                   1
   Trog disapproves of the use of such an item.
Comestibles
 c - a bread ration
 g - a royal jelly
 n - 3 chunks of flesh


   Skills:
 + Level 3.5 Fighting
 + Level 3.5 Long Blades
 + Level 2.2 Armour
 + Level 2.2 Dodging
 + Level 0.2 Stealth


You had one spell level left.
You knew the following spells:

 Your Spells              Type           Power        Failure   Level  Hunger
a - Magic Dart            Conj           #...         86%         1    ##.....
b - Pain                  Necr           #...         86%         1    ##.....


Dungeon Overview and Level Annotations

Branches:
Dungeon (2/15)

Altars:
Kikubaaqudgha
Sif Muna
Vehumet


Innate Abilities, Weirdness & Mutations

You are partially covered in iridescent scales (AC +4).


Message History

You experience a momentary feeling of inescapable doom!
It was a scroll of random uselessness.
Read which item? (? for menu, Esc to quit)
As you read the scroll labeled GASHRU PYSCHUNO, it crumbles to dust.
The creatures around you are filled with an inner flame!
It was a scroll of immolation.
The polar bear bites you.
* * * LOW HITPOINT WARNING * * *
The polar bear closely misses you.
The polar bear claws you but does no damage.
Use which ability?
Okay, then.
You hit the polar bear.
The polar bear is lightly wounded.
You hit the polar bear but do no damage.
Your scale mail prevents you from hitting the black bear.
The black bear bites you but does no damage.
The black bear closely misses you.
The black bear claws you but does no damage.
The polar bear bites you!
You die...

......†..............)
####.###.......##.....
#...............
########...............
##._.##.................
#8...8###...............
###...## #...............
##8##.#####[....)...#.....
#...#...h@hh........##....
#_....⌠.h##.........######
#...#÷..####.......##
##8##.### #########
###...## #8...8# ##._.##
#####


You could see 2 polar bears and 2 black bears.

Vanquished Creatures
  Jessica (D:2)
  An adder (D:2)
  2 worms (D:2)
  A giant gecko (D:1)
  6 bats
  3 giant cockroaches (D:1)
  6 goblins
  A hobgoblin (D:1)
  4 kobolds
  3 jackals (D:2)
  8 rats
36 creatures vanquished.

Notes
Turn   | Place    | Note
--------------------------------------------------------------
     0 | D:1      | radek the Demonspawn Berserker began the quest for the Orb.
     0 | D:1      | Reached XP level 1. HP: 18/18 MP: 1/1
   460 | D:1      | Gained mutation: You are partially covered in iridescent scales (AC +4). [demonic ancestry]
   460 | D:1      | Reached XP level 2. HP: 24/24 MP: 2/2
   769 | D:1      | Acquired Trog's second power
   913 | D:2      | Reached XP level 3. HP: 18/29 MP: 3/3
  1091 | D:2      | Noticed Jessica
  1099 | D:2      | Killed Jessica
  1114 | D:2      | Found a deep blue altar of Sif Muna.
  1117 | D:2      | Found an ancient bone altar of Kikubaaqudgha.
  1117 | D:2      | Found a radiant altar of Vehumet.
  1127 | D:2      | Identified Vehumet's Grimoire of Battle Magic
  1135 | D:2      | Identified Sif Muna's Papyrus of Changing
  1143 | D:2      | Identified Kikubaaqudgha's Collected Works on Evil Magic
  1147 | D:2      | Was placed under penance by Trog
  1149 | D:2      | Learned a level 1 spell: Magic Dart
  1151 | D:2      | Learned a level 1 spell: Pain
  1178 | D:2      | Reached XP level 4. HP: 22/35 MP: 4/4
  1204 | D:2      | Noticed a polar bear
  1204 | D:2      | Noticed a black bear
  1204 | D:2      | Noticed a polar bear
  1204 | D:2      | Noticed a black bear
  1206 | D:2      | Mangled by a polar bear

Vault maps used:
D:1:      scummos_arrival_simple_crosswalls, serial_bayou_pond_c
D:2:      grunt_temple_overflow_magic_moments,
          grunt_dithmenos_smoke_and_mirrors, minmay_newt_pond, uniq_jessica

Action                   |  1- 3 |  4- 6 || total
-------------------------+-------+-------++-------
Melee: Falchion          |   100 |       ||   100
       War axe           |    17 |    12 ||    29
Invok: Berserk           |     1 |       ||     1
  Use: Scroll            |       |     2 ||     2
  Eat: Chunk             |     2 |       ||     2
